 Dungeon Crawl Stone Soup version 0.25.0-8-gfd19cd77bd (webtiles) character file.

Game seed: 18442045890892625569

21833 Elvor the Cleaver (level 12, -3/114 HPs)
             Began as a Deep Dwarf Fighter on June 16, 2020.
             Was a Follower of Elyvilon.
             Killed from afar by Nergalle (38 damage)
             ... with a bolt of negative energy
             ... on level 1 of the Orcish Mines.
             The game lasted 02:32:34 (10696 turns).

Elvor the Cleaver (Deep Dwarf Fighter)             Turns: 10696, Time: 02:32:34

Health: -3/114     AC: 25    Str: 25    XL:     12   Next: 57%
Magic:  13/13      EV: 12    Int: 11    God:    Elyvilon [*.....]
Gold:   1738       SH: 17    Dex: 15    Spells: 11/11 levels left

rFire    . . .     SeeInvis .   R - +2 war axe (freeze)
rCold    . . .     Gourm    .   c - +0 kite shield
rNeg     . . .     Faith    .   O - +0 plate armour
rPois    .         Spirit   .   r - +2 helmet
rElec    .         Reflect  +   g - +1 cloak {Stlth+}
rCorr    .         Harm     .   X - +2 pair of gloves {Dex+3}
MR       ++...                  s - +1 pair of boots
Stlth    ..........             V - amulet of reflection
HPRegen  0.00/turn              Y - ring "Ifogoaq" {MR+ EV+4 Int+2}
MPRegen  0.13/turn              G - ring of flight

@: non-regenerating, drained
A: damage resistance, heal wounds, sense surroundings 2, no regeneration
a: Heal Wounds, Lesser Healing, Divine Protection, Renounce Religion, Evoke
Flight


You were on level 1 of the Orcish Mines.
You worshipped Elyvilon.
Elyvilon was aware of your devotion.
You were not hungry.

You visited 3 branches of the dungeon, and saw 13 of its levels.
You also visited: Trove.

You collected 1738 gold pieces.

Inventory:

Hand Weapons
 k - a +3 great sword of flaming
 D - a +3 executioner's axe of flaming
 R - a +2 war axe of freezing (weapon)
Missiles
 b - 14 boomerangs
 e - 61 poisoned darts (quivered)
 m - 6 javelins
Armour
 c - a +0 kite shield (worn)
 g - a +1 cloak of stealth (worn)
 r - a +2 helmet (worn)
 s - a +1 pair of boots (worn)
 J - +0 acid dragon scales
 M - the +2 ring mail of a Labyrinth {rPois rF+++ Int+4 Slay-3}
   (You took it off a wight on level 6 of the Dungeon)

   It affects your intelligence (+4).
   It affects your accuracy and damage with ranged weapons and melee attacks
   (-3).
   It renders you almost immune to fire.
   It protects you from poison.
 O - a +0 plate armour (worn)
 X - a +2 pair of gloves of dexterity (worn)
Jewellery
 a - an uncursed ring of fire
 G - a ring of flight (right hand)
 V - an amulet of reflection (around neck)
 Y - the ring "Ifogoaq" (left hand) {MR+ EV+4 Int+2}
   (You found it in a treasure trove)

   [ring of evasion]

   It affects your evasion (+4).
   It affects your intelligence (+2).
   It affects your resistance to hostile enchantments.
Wands
 y - a wand of enslavement (21)
 B - a wand of digging (17)
 K - a wand of flame (26)
 T - a wand of iceblast (11)
Scrolls
 d - 2 scrolls of amnesia {unknown}
 h - 9 scrolls of teleportation
 l - 7 scrolls of remove curse
 n - 3 scrolls of blinking
 p - 5 scrolls of fear
 t - 2 scrolls of enchant armour
 v - 4 scrolls of magic mapping
 x - 2 scrolls of fog {unknown}
 z - a scroll of immolation {unknown}
 F - 2 scrolls of summoning {unknown}
 H - a scroll of brand weapon {unknown}
 P - 3 scrolls of enchant weapon {unknown}
 S - a scroll of holy word {unknown}
Potions
 i - 2 potions of magic
 j - 4 potions of curing
 q - 2 potions of invisibility {unknown}
 w - a potion of brilliance {unknown}
 A - 2 potions of flight {unknown}
 C - a potion of experience {unknown}
 E - 2 potions of lignification {unknown}
 I - a potion of haste {unknown}
 N - a potion of mutation {unknown}
Miscellaneous
 W - a lightning rod (4/4)
Comestibles
 f - 9 rations
 Z - 10 chunks of flesh


   Skills:
 * Level 9.2(8.4) Fighting
 + Level 13.3(12.4) Axes
 + Level 1.5(0.9) Throwing
 + Level 9.8(9.0) Armour
 + Level 3.8(3.1) Dodging
 + Level 0.4(0.0) Stealth
 + Level 10.5(9.7) Shields
 + Level 7.2(6.4) Invocations
 + Level 3.0(2.4) Evocations


You had 11 spell levels left.
You didn't know any spells.
Your spell library contained the following spells:

 Spells                   Type           Power        Failure   Level  Hunger
 Animate Skeleton         Necr           N/A          100%        1    ##.....
 Apportation              Tloc           #.....       100%        1    ##.....
 Beastly Appendage        Tmut           #.....       100%        1    ##.....
 Corona                   Hex            #......      100%        1    ##.....
 Magic Dart               Conj           #...         100%        1    ##.....
 Summon Small Mammal      Summ           #...         100%        1    ##.....
 Blink                    Tloc           N/A          100%        2    ###....
 Call Imp                 Summ           #.......     100%        2    ###....
 Slow                     Hex            #.......     100%        2    ###....
 Sticks to Snakes         Tmut           #.......     100%        2    ###....
 Conjure Flame            Conj/Fire      #.......     100%        3    ####...
 Mephitic Cloud           Conj/Pois/Air  #.......     100%        3    ####...
 Spider Form              Tmut/Pois      #.........   100%        3    ####...
 Ice Form                 Ice/Tmut       #.......     100%        4    #####..
 Blade Hands              Tmut           #.........   100%        5    ######.


Dungeon Overview and Level Annotations

Branches:
Dungeon (11/15)            Temple (1/1) D:6            Lair (0/6) D:10
    Orc (1/2) D:11

Altars:
Ashenzari
Cheibriados
Dithmenos
Elyvilon
Fedhas
Gozag
Hepliaklqana
Kikubaaqudgha
Makhleb
Nemelex Xobeh
Okawaru
Qazlal
Ru
Sif Muna
Trog
Uskayaw
Vehumet
Wu Jian
Xom
Yredelemnul
Zin
The Shining One

Portals:
Abyss: D:3

Annotations:
Orc:1 Nergalle


Innate Abilities, Weirdness & Mutations

You are resistant to damage.
You can heal yourself by infusing magical energy.
You passively map the area around you.
You do not regenerate.


Message History

You block the spectral orc warrior's attack.
You block Nergalle's attack.
The spectral orc warrior hits you with a +0 halberd.
You hit Nergalle but do no damage.
You hit the spectral orc warrior but do no damage.
You completely miss the spectral orc warrior.
The spectral orc warrior completely misses you.
Nergalle points at you and mumbles some strange words.
Orcish apparitions take form around you.
You block the spectral orc warrior's attack.
You slash Nergalle! You freeze Nergalle.
Nergalle is moderately wounded.
You hit the spectral orc warrior but do no damage.
You hit the spectral orc knight but do no damage.
You slash the spectral orc warrior!
You block the spectral orc warrior's attack.
The spectral orc warrior hits you but does no damage.
Nergalle points at you and mumbles some strange words.
The bolt of negative energy hits you!!!
You feel drained.
You die...

)#.............. , * , ,* ,
#).................,, , *
##..........>..... ,, *
#...................* , , ,,
#>...............#.## ,
#...............#...## .. ,
##....#.......Z.##.$.# #.. ,
##...##............###.#.,
,* ##..##........@o.......#
####........#..ZZZ........,,
,
##.##....#.###.#..........,
, .........#..#.#.##...#...#
, ##..#............#....#. *
* ##...##..#..#.#.###..#.#
##.##...######## *##...# *
#####...# * ..## , , ##..##
.# *


You could see Nergalle, 3 spectral orc warriors and a spectral orc knight
(summoned).

Vanquished Creatures
  Fannar (D:11)
  Erica (D:11)
  2 hydras
  3 two-headed ogres
  A death knight (D:11)
  Urug (D:11)
  2 unseen horrors
  A phantasmal warrior (D:11)
  A wizard (D:8)
  A deep elf mage (D:9)
  An ugly thing (D:11)
  A cyclops (D:11)
  A centaur zombie (D:11)
  A gargoyle (D:10)
  3 kobold demonologists
  A troll (D:11)
  Grinder (D:6)
  A hornet (D:10)
  3 hippogriffs
  A vampire (D:10)
  Sigmund (D:6)
  5 yaks (D:9)
  A wraith (D:11)
  A hungry ghost (D:3)
  A soldier ant (D:11)
  2 wargs
  Edmund (D:6)
  An acid dragon (D:7)
  A water moccasin (D:11)
  6 ice beasts
  10 orc warriors
  3 black bears
  A sky beast (D:3)
  A phantom (D:4)
  A necrophage (D:8)
  11 ogres
  7 centaurs
  A crocodile (D:9)
  The ghost of ijan1 the Insei, an amateur OpTm of Gozag (D:3)
  A small abomination (D:3)
  8 big kobolds
  5 bullfrogs
  A water moccasin skeleton (D:6)
  A wyvern skeleton (D:6)
  4 scorpions
  11 killer bees
  7 wights
  8 howler monkeys
  7 crimson imps
  A bullfrog zombie (D:10)
  6 hounds
  13 orc priests
  5 bullfrog skeletons
  3 centaur skeletons
  4 iguanas
  11 orc wizards
  9 worker ants
  A killer bee zombie (D:6)
  A hound zombie (D:6)
  2 hound skeletons
  A howler monkey zombie (D:7)
  2 worker ant zombies
  17 adders
  9 gnolls
  A howler monkey skeleton (D:11)
  9 shadow imps
  An ooze (D:3)
  An adder skeleton (D:9)
  An adder zombie (D:5)
  2 worms
  4 dart slugs
  12 leopard geckos
  49 orcs
  5 giant cockroaches
  6 goblins
  11 hobgoblins
  4 jackals (D:2)
  5 quokkas
  2 ball pythons
  9 bats
  7 frilled lizards
  A giant cockroach zombie (D:5)
  A jackal skeleton (D:6)
  28 kobolds
  11 rats
392 creatures vanquished.

Vanquished Creatures (collateral kills)
  An acid dragon (D:7)
1 creature vanquished.

Vanquished Creatures (others)
  An orc knight (D:7)
  A leopard gecko (D:10)
2 creatures vanquished.

Grand Total: 395 creatures vanquished

Notes
Turn   | Place    | Note
-------+----------+-------------------------------------------
     0 | D:1      | Elvor the Deep Dwarf Fighter began the quest for the Orb.
     0 | D:1      | Reached XP level 1. HP: 20/20 MP: 1/1
   300 | D:1      | Reached XP level 2. HP: 20/27 MP: 2/2
   449 | D:1      | Reached XP level 3. HP: 23/33 MP: 3/3
   742 | D:2      | Reached skill level 3 in Axes
   759 | D:2      | Found an iron altar of Okawaru.
   766 | D:2      | Reached skill level 1 in Dodging
   766 | D:2      | Reached XP level 4. HP: 19/42 MP: 4/4
  1017 | D:2      | Found a white marble altar of Elyvilon.
  1017 | D:2      | Found a radiant altar of Vehumet.
  1023 | D:2      | Became a worshipper of Elyvilon the Healer
  1623 | D:3      | Reached XP level 5. HP: 46/49 MP: 5/5
  1647 | D:3      | Noticed a sky beast
  1699 | D:3      | Killed a sky beast
  1699 | D:3      | Reached skill level 4 in Axes
  1769 | D:3      | Reached * piety under Elyvilon
  1847 | D:3      | Noticed an ogre
  1852 | D:3      | Noticed ijan1's ghost (amateur OpTm)
  1854 | D:3      | Elyvilon protects you from harm!
  1858 | D:3      | Killed an ogre
  1858 | D:3      | Reached XP level 6. HP: 30/56 MP: 5/5
  1887 | D:3      | Found a faded altar of an unknown god.
  2013 | D:3      | Noticed a hungry ghost
  2057 | D:3      | Killed a hungry ghost
  2057 | D:3      | Reached skill level 5 in Axes
  2057 | D:3      | Reached skill level 5 in Armour
  2077 | D:3      | Reached skill level 5 in Shields
  2107 | D:3      | Reached XP level 7. HP: 20/62 MP: 6/6
  2321 | D:3      | Found a one-way gate to the infinite horrors of the Abyss.
  2321 | D:3      | Found a transporter.
  2333 | D:3      | Found a transporter.
  2665 | D:3      | Killed ijan1's ghost
  2872 | D:4      | Reached skill level 1 in Invocations
  3030 | D:4      | Reached skill level 6 in Axes
  3454 | D:4      | Reached XP level 8. HP: 45/72 MP: 8/8
  3495 | D:4      | Found a burning altar of Makhleb.
  3643 | D:4      | Reached ** piety under Elyvilon
  3782 | D:5      | Entered Level 5 of the Dungeon
  4012 | D:5      | Reached skill level 7 in Axes
  4322 | D:5      | Found a glowing silver altar of Zin.
  4458 | D:6      | Found a staircase to the Ecumenical Temple.
  4531 | D:6      | Noticed Edmund
  4543 | D:6      | Killed Edmund
  4543 | D:6      | Gained mutation: You passively map the area around you.
                  | [Deep Dwarf growth]
  4543 | D:6      | Reached XP level 9. HP: 68/79 MP: 10/10
  4644 | D:6      | Noticed Sigmund
  4680 | D:6      | Killed Sigmund
  4699 | D:6      | Found a blossoming altar of Fedhas.
  4710 | D:6      | Noticed Grinder
  4727 | D:6      | Paralysed by Grinder for 4 turns
  4752 | D:6      | Paralysed by Grinder for 2 turns
  4752 | D:6      | HP: 2/79 [orc warrior/+1 glaive of protection (19)]
  4758 | D:6      | Reached skill level 8 in Axes
  4776 | D:6      | Killed Grinder
  4943 | D:6      | Identified the +2 ring mail of a Labyrinth {rPois rF+++
                  | Int+4 Slay-3}
  4975 | D:6      | Reached skill level 5 in Fighting
  5141 | D:6      | Reached skill level 9 in Axes
  5203 | D:6      | Reached skill level 5 in Invocations
  5313 | D:6      | Found a shadowy altar of Dithmenos.
  5338 | Temple   | Entered the Ecumenical Temple
  5882 | D:7      | Reached XP level 10. HP: 80/88 MP: 11/11
  6017 | D:7      | Reached skill level 10 in Axes
  6098 | D:7      | Noticed an orc knight
  6110 | D:7      | Reached skill level 1 in Evocations
  6374 | D:7      | Noticed a six-headed hydra
  6385 | D:7      | Killed a six-headed hydra
  6594 | D:7      | Reached skill level 11 in Axes
  6744 | D:8      | Found the +6 lightning scales {run, rElec}
  6920 | D:8      | Noticed a two-headed ogre
  6946 | D:8      | Killed a two-headed ogre
  6946 | D:8      | Reached XP level 11. HP: 57/99 MP: 13/13
  7019 | D:8      | Noticed a wizard
  7045 | D:8      | Killed a wizard
  7045 | D:8      | Reached skill level 1 in Throwing
  7418 | D:9      | Noticed a deep elf mage
  7451 | D:9      | Noticed a two-headed ogre
  7466 | D:9      | Killed a two-headed ogre
  7999 | D:9      | Killed a deep elf mage
  7999 | D:9      | Reached skill level 12 in Axes
  8254 | D:10     | Entered Level 10 of the Dungeon
  8299 | D:10     | Reached *** piety under Elyvilon
  8306 | D:10     | Noticed a seven-headed hydra
  8353 | D:10     | Killed a ten-headed hydra
  8985 | D:10     | Found a staircase to the Lair.
  9023 | D:10     | Killed an unseen horror
  9347 | D:11     | Found a portal to a secret trove of treasure.
  9351 | D:11     | Noticed Fannar
  9352 | D:11     | Noticed a cyan ugly thing
  9366 | D:11     | Killed a cyan ugly thing
  9415 | D:11     | HP: 1/102 [Fannar/refrigeration (28)]
  9456 | D:11     | Killed Fannar
  9473 | Trove    | Entered a treasure trove
  9495 | Trove    | Got a slimy marble ring
  9550 | Trove    | Identified the ring "Ifogoaq" {MR+ EV+4 Int+2} (You found
                  | it in a treasure trove)
  9709 | D:11     | Killed an unseen horror
  9728 | D:11     | Reached XP level 12. HP: 42/110 MP: 14/14
  9761 | D:11     | Noticed a death knight
  9805 | D:11     | Killed a death knight
  9813 | D:11     | Reached skill level 10 in Shields
  9880 | D:11     | Noticed Erica
  9915 | D:11     | Killed Erica
  9951 | D:11     | Noticed a two-headed ogre
  9962 | D:11     | Killed a two-headed ogre
 10230 | D:11     | Reached skill level 13 in Axes
 10249 | D:11     | Found a staircase to the Orcish Mines.
 10332 | D:11     | Noticed Urug
 10359 | D:11     | Killed Urug
 10530 | Orc:1    | Entered Level 1 of the Orcish Mines
 10683 | Orc:1    | Noticed Nergalle
 10696 | Orc:1    | Killed from afar by Nergalle

Illustrated notes

Levels and vault maps discovered:
D:1:      nzn_arrival_crosshair, layout_loops_ring
D:2:      layout_loops_corners, gammafunk_temple_overflow_elements,
          dk_vineyard_2, okawaru_gym_becter
D:3:      layout_loops_ring, chequers_ecumenical_altar_simple,
          gammafunk_ghost_abyssal_escape, first_ration
D:4:      layout_cave_pods, makhleb_heckhound_becter
D:5:      layout_rooms, old_standard_altar, grunt_decor_cap
D:6:      kennysheep_windowed_halls, layout_cave_pools, kennysheep_little_box,
          minmay_temple_entry_water_ring, serial_glass, glass_columns_a,
          glass_columns_a, glass_columns_b, glass_columns_a, glass_columns_a,
          glass_columns_b, glass_columns_b, glass_columns_a, glass_columns_a,
          glass_columns_a, glass_columns_b, glass_columns_c, glass_columns_b,
          glass_columns_a, fedhas_altar_1, uniq_edmund, uniq_grinder,
          uniq_sigmund
D:7:      minmay_the_grid_plus [minmay_the_grid_medium_cups,
          minmay_the_grid_armoury, minmay_the_grid_dragon_a,
          minmay_the_grid_broken_lines, minmay_the_grid_prize_inner_circle],
          layout_loops_ring
D:8:      cheibrodos_wizards_tower, layout_rooms
D:9:      layout_rooms, serial_co_window_serial, co_window_corner_a,
          co_window_paths_a, co_window_corner_a, co_window_of_opportunity_a,
          co_window_paths_a, co_window_2corner, co_window_broadway_c,
          co_window_paths_c, co_window_unsneaky_path_d, co_window_broadway_c,
          co_window_paths_d, glass_columns_a, glass_columns_a, glass_columns_b,
          glass_columns_a, glass_columns_c
D:10:     layout_irregular_city, lair_entry_dummy, serial_column_ruins,
          column_ruins_grid_2, column_ruins_columns_straight,
          column_ruins_open_small, column_ruins_open_medium, column_ruins_grid_3
D:11:     layout_roguey, erik_orc_4, enter_trove_0, uniq_erica, uniq_urug,
          uniq_fannar
Temple:   dpeg_five_rooms_temple
Orc:1:    layout_caves, basic_altar, uniq_nergalle

Skill      XL: |  1  2  3  4  5  6  7  8  9 10 11 12 |
---------------+-------------------------------------+-----
Fighting       | 3 4 5 6 7 9 |  9.2
Axes           | 3 4 5 6 7 9 11 12 13 | 13.3
Dodging        | 1 2 3 |  3.8
Shields        | 4 5 6 7 8 9 10 | 10.5
Armour         | 4 5 6 7 8 9 |  9.8
Invocations    | 2 3 5 6 7 |  7.2
Evocations     | 2 3 |  3.0
Throwing       | 1 |  1.5
Stealth        | |  0.4

Action                   |  1- 3 |  4- 6 |  7- 9 | 10-12 || total
-------------------------+-------+-------+-------+-------++-------
Melee: War axe           |   122 |   231 |   611 |   611 ||  1575
       Broad axe         |       |       |       |   299 ||   299
Throw: Dart              |       |     5 |     7 |    22 ||    34
Invok: Lesser Healing    |       |       |    93 |   127 ||   220
 Abil: Heal Wounds       |       |     5 |     8 |    10 ||    23
Evoke: Wand              |       |       |     2 |    29 ||    31
  Use: Potion            |       |     1 |     1 |     4 ||     6
       Scroll            |       |       |       |    14 ||    14
  Eat: Chunk             |       |     8 |    15 |    19 ||    42
       Ration            |       |     3 |     3 |     5 ||    11
Armor: Scale mail        |    56 |   101 |   238 |       ||   395
       Plate armour      |       |       |    39 |   626 ||   665
Dodge: Dodged            |    32 |    76 |   184 |   266 ||   558
Block: Kite shield       |    62 |   135 |   365 |   635 ||  1197
       Reflection        |       |       |       |     9 ||     9
